AoeStats
← rondelok

Arabia

505536947Analyzed
2v2 RM · 21d ago on Sep 9, 2026· 49m 9s· 4 players
Game mode
Random Map
Map size
Medium (4 player)
Population
200
Speed
Normal
Resources
Standard
Victory
Conquest
Starting age
Dark Age
Ending age
Imperial Age
RankedLock teamsTeams togetherTeam positionsShared explorationLock speedFull tech treeHidden civsTurbo modeCheats
Victory
Defeat
🇪🇪 Magyars · Estonia
906
+11
🇪🇪 Vietnamese · Estonia
631
+21
🇨🇦 Franks · Canada
779
-16
🇬🇧 Vietnamese · United Kingdom
775
-16
rondelok
13:09 Feudal Age
17:37 Scale Barding Armor
18:35 Bloodlines
25:09 Castle Age
25:17 Double-Bit Axe
25:14 Horse Collar
26:21 Husbandry
28:48 Chain Barding Armor
33:39 Wheelbarrow
32:49 Loom
36:05 Hand Cart
39:04 Heavy Plow
39:18 Bow Saw
40:24 Gold Mining
43:40 Imperial Age
43:49 Town Watch
45:25 Onager
47:40 Conscription
47:52 Elite Magyar Huszar
kaspko
0:37 Loom
12:59 Feudal Age
13:44 Double-Bit Axe
26:37 Castle Age
24:35 Horse Collar
25:41 Fletching
25:52 Padded Archer Armor
28:06 Bow Saw
30:49 Bodkin Arrow
31:10 Thumb Ring
30:26 Crossbowman
34:48 Squires
34:14 Elite Skirmisher
35:08 Forging
35:00 Scale Mail Armor
43:45 Leather Archer Armor
strangefruit
12:38 Feudal Age
18:41 Castle Age
18:00 Double-Bit Axe
18:39 Horse Collar
21:31 Forging
21:21 Scale Mail Armor
22:12 Squires
21:32 Pikeman
23:11 Loom
27:40 Stone Mining
29:43 Scale Mail Armor
35:24 Heavy Plow
36:12 Bow Saw
38:08 Iron Casting
37:48 Chain Mail Armor
39:10 Gold Mining
43:19 Imperial Age
42:26 Wheelbarrow
44:24 Hand Cart
43:37 Crossbowman
44:24 Thumb Ring
45:41 Two-Man Saw
46:29 Chemistry
47:18 Paper Money
46:24 Elite Skirmisher
46:34 Halberdier
47:16 Imperial Skirmisher
49:50 Chain Mail Armor
DingZ
12:14 Feudal Age
17:57 Castle Age
16:28 Double-Bit Axe
17:37 Scale Barding Armor
20:51 Forging
23:05 Bow Saw
29:03 Chain Barding Armor
28:53 Gold Mining
31:29 Iron Casting
32:54 Scale Mail Armor
33:04 Pikeman
36:12 Fletching
41:19 Man-at-Arms
42:08 Stone Mining
Connection lost

Rejoining the realm…

Still unreachable

The connection could not be restored.

Session expired

The server has moved on; the page needs a fresh start.